 Dungeon Crawl Stone Soup version 0.29.1-13-g9f3cf754e1 (webtiles) character file.

Game seed: 1239096642368205280

1297 shadowmeld the Poker (level 8, -2/57 HPs)
             Began as a Djinni Transmuter on Jan 31, 2023.
             Was an Initiate of Ashenzari.
             Slain by a killer bee (4 damage)
             ... on level 6 of the Dungeon.
             The game lasted 00:31:42 (6993 turns).

shadowmeld the Poker (Djinni Transmuter)            Turns: 6993, Time: 00:31:42

Health: -2/57      AC:  7    Str:  9    XL:     8   Next: 87%
Gold:   346        EV: 13    Int: 16    God:    Ashenzari [......] SH:  0 Dex: 15

rFire   + + +      SeeInvis .   k - +7 glaive "Souz" {speed, Contam Fragile rPois Stlth+}
rCold   x . .      Faith    .   (shield currently unavailable)
rNeg    . . .      Spirit   .   A - +2 leather armour {rF+}
rPois   ∞          Reflect  .   (no helmet)
rElec   .          Harm     .   r - +0 cloak
rCorr   .          Rampage  .   p - +0 pair of gloves
Will    +....                   (boots unavailable)
Stlth   ++........              (no amulet)
HPRegen 0.19/turn               t - ring of the Bound Yoke {Will+, Cun, Melee} (curse)
MPRegen 0.00/turn               (no ring)

@: flying
A: sickness immunity, fire resistance 2, cold vulnerability 1, float, innate
caster, HP casting, extra vitality 1, screaming 1, wild magic 2
a: Renounce Religion, Shatter the Chains


You were on level 6 of the Dungeon.
You worshipped Ashenzari.
Ashenzari was noncommittal.
You visited 1 branch of the dungeon, and saw 6 of its levels.

You collected 346 gold pieces.

Inventory:

Hand Weapons
 k - the +7 glaive "Souz" (weapon) {speed, Contam Fragile rPois Stlth+}
   (You found it on level 2 of the Dungeon)

   Attacks with this weapon are significantly faster.
   rPois:     It protects you from poison.
   Contam:    It causes magical contamination when unequipped.
   Fragile:   It will be destroyed if unequipped.
   Stlth:     It makes you more stealthy.
 D - the +8 quarterstaff of the Thing {spect, rPois}
   (You found it on level 6 of the Dungeon)

   When its wielder attacks, the weapon's spirit leaps out and strikes again.
   The spirit shares a part of any damage it takes with its wielder.
   rPois:     It protects you from poison.
Missiles
 h - 4 curare-tipped darts
 x - 4 poisoned darts
Armour
 a - a +0 robe
 p - a +0 pair of gloves (worn)
 q - a +0 cloak of poison resistance
 r - a +0 cloak (worn)
 A - a +2 leather armour of fire resistance (worn)
 E - a +0 ring mail of cold resistance
Jewellery
 t - the cursed ring of the Bound Yoke (left hand) {Will+, Cun, Melee}
   (You found it on level 3 of the Dungeon)

   [ring of willpower]

   Will:      It increases your willpower.
   It has a curse which improves the following skills: Cunning: Dodging and
   Stealth.
   Melee Combat: Short Blades, Long Blades, Axes, Maces & Flails, Polearms,
   Staves and Unarmed Combat.
Wands
 u - a wand of acid (6)
 z - a wand of roots (8)
 B - a wand of flame (22) (quivered)
Scrolls
 d - a scroll of magic mapping {unknown}
 e - 2 scrolls of fear {unknown}
 i - a scroll of immolation {unknown}
 j - 2 scrolls of enchant armour {unknown}
 n - 5 scrolls of identify {unknown}
 o - 2 scrolls of noise {unknown}
 y - a scroll of teleportation {unknown}
Potions
 b - a potion of magic {unknown}
 c - a potion of haste {unknown}
 f - 2 potions of degeneration {unknown}
 g - a potion of curing
 l - 2 potions of might {unknown}
 m - a potion of attraction {unknown}
 s - a potion of mutation
 v - 2 potions of flight {unknown}
 w - 2 potions of berserk rage {unknown}
 C - a potion of heal wounds {unknown}


   Skills:
 * Level 3.6 Fighting
 * Level 5.3(5.7) Polearms
 + Level 0.5 Armour
 * Level 4.2(4.6) Dodging
 - Level 3.3(3.7) Unarmed Combat
 * Level 4.4 Spellcasting


You couldn't memorise any spells.
You knew the following spells:

 Your Spells              Type           Power      Damage    Failure   Level
a - Beastly Appendage     Tmut           56%        N/A       10%         1
b - Wereblood             Tmut           28%        N/A       13%         2
c - Spider Form           Tmut/Pois      28%        N/A       22%         3
d - Ice Form              Ice/Tmut       28%        N/A       52%         4
e - Sandblast             Erth           56%        2d13      10%         1
f - Searing Ray           Conj           56%        2d6       13%         2
g - Blink                 Tloc           56%        N/A       13%         2
Your spell library was empty.

Dungeon Overview and Level Annotations

Branches:
Dungeon (6/15)
 Temple: D:4-7

Altars:
Ashenzari
Nemelex Xobeh
Okawaru
Trog
Uskayaw
Wu Jian
Xom
The Shining One

Shops:
D:6 (


Innate Abilities, Weirdness & Mutations

You are immune to sickness and miasma.
You are immune to poison.
Your flesh is very heat resistant. (rF++)
You are vulnerable to cold. (rC-)
You float through the air rather than walking.
You learn spells naturally, not from books.
Your magical power is your life essence.
You have superior vitality. (+4 MHP)
You occasionally shout uncontrollably at your foes.
Your spells are harder to cast, but more powerful.


Message History

The killer bee is heavily wounded.
The killer bee stings you.
The killer bee stings you but does no damage.
The searing ray hits the killer bee.
The killer bee is severely wounded.
The searing ray misses the killer bee.
The killer bee stings you but does no damage.
The killer bee stings you.
Aiming: Fastroot
Press: ? - help, Shift-Dir - straight line
Okay, then.
The killer bee barely misses you.
You hit the killer bee.
The killer bee is almost dead.
The killer bee misses you. The killer bee stings you.
The killer bee closely misses you. The killer bee stings you.
The killer bee closely misses you. The killer bee misses you.
You closely miss the killer bee.
The killer bee is almost dead.
The killer bee stings you. x3; The killer bee barely misses you. x2
The killer bee stings you. The killer bee stings you!
Okay, then.
Okay, then.
You closely miss the killer bee.
The killer bee is almost dead.
The killer bee stings you!
* * * LOW HITPOINT WARNING * * *
The killer bee misses you. The killer bee barely misses you.
The killer bee stings you but does no damage.
The killer bee closely misses you. The killer bee stings you.
* * * LOW HITPOINT WARNING * * *
The killer bee stings you!
* * * LOW HITPOINT WARNING * * *
The killer bee closely misses you.
It was a potion of mutation.
You feel extremely strange.
You feel less in control of your magic.
You feel the urge to shout.
You feel less in control of your magic.
The killer bee stings you but does no damage.
The killer bee stings you.
You die...

.................
.................
.................
.................
.................
.................
.........y.......
........yy#######
........y@#
........y.#
..........#
..........#
..........#
..........#
..........#
..........# ...
............#


You could see 5 killer bees.

Vanquished Creatures
  Sigmund (D:3)
  Eustachio (D:5)
  Edmund (D:5)
  Duvessa (D:5)
  An orc warrior (D:6)
  A phantom (D:5)
  A scorpion (D:5)
  Dowan (D:5)
  A hound (D:5)
  Crazy Yiuf (D:3)
  2 orc priests
  Ijyb (D:4)
  2 iguanas (D:6)
  Natasha (thrice) (D:3)
  4 orc wizards
  4 adders
  A shadow imp (D:6)
  An ufetubus (D:5)
  2 worms (D:3)
  A dart slug (D:4)
  13 orcs
  5 ball pythons
  6 endoplasms
  3 giant cockroaches
  15 hobgoblins
  3 jackals (D:3)
  6 kobolds
  2 quokkas (D:4)
  4 bats
  12 goblins
  A rat (D:3)
101 creatures vanquished.

Notes
Turn   | Place    | Note
-------+----------+-------------------------------------------
     0 | D:1      | shadowmeld the Djinni Transmuter began the quest for the
                  | Orb.
     0 | D:1      | shadowmeld set off with the following spells memorised:
                  | Beastly Appendage, Wereblood, Spider Form, Ice Form.
     0 | D:1      | Reached XP level 1. HP: 17/17 MP: 0/0
   250 | D:1      | Reached XP level 2. HP: 16/22 MP: 0/0
  1482 | D:2      | Identified the +7 glaive "Souz" {speed, Contam Fragile
                  | rPois Stlth+}
  1731 | D:2      | Reached XP level 3. HP: 24/27 MP: 0/0
  1731 | D:2      | Learned a level 1 spell: Sandblast
  2424 | D:3      | Reached XP level 4. HP: 26/32 MP: 0/0
  2669 | D:3      | Found a runed translucent door.
  2670 | D:3      | Noticed Crazy Yiuf
  2679 | D:3      | Killed Crazy Yiuf
  2680 | D:3      | Reached skill level 1 in Polearms
  2934 | D:3      | Found an ornate altar of the Wu Jian Council.
  3101 | D:3      | Reached XP level 5. HP: 37/38 MP: 0/0
  3101 | D:3      | Learned a level 2 spell: Searing Ray
  3214 | D:3      | Noticed Natasha
  3219 | D:3      | Killed Natasha
  3238 | D:3      | Reached skill level 2 in Polearms
  3288 | D:3      | Noticed Natasha
  3293 | D:3      | Killed Natasha
  3294 | D:3      | Reached XP level 6. HP: 23/43 MP: 0/0
  3309 | D:3      | Noticed Natasha
  3323 | D:3      | Killed Natasha
  3805 | D:3      | Found a shimmering altar of Xom.
  3805 | D:3      | Found a glowing golden altar of the Shining One.
  3805 | D:3      | Noticed Sigmund
  3814 | D:3      | Killed Sigmund
  3815 | D:3      | Reached XP level 7. HP: 42/49 MP: 0/0
  3815 | D:3      | Learned a level 2 spell: Blink
  3823 | D:3      | Became a worshipper of the Shining One
  3896 | D:3      | Found a bloodstained altar of Trog.
  4205 | D:4      | Reached skill level 3 in Polearms
  4245 | D:4      | Noticed Ijyb
  4253 | D:4      | Killed Ijyb
  5122 | D:5      | Entered Level 5 of the Dungeon
  5246 | D:5      | Noticed Edmund
  5259 | D:5      | Killed Edmund
  5516 | D:5      | Found a hide-covered altar of Uskayaw.
  5519 | D:5      | Noticed a +0 hand axe
  5519 | D:5      | Noticed a +0 dagger
  5662 | D:5      | Reached skill level 4 in Polearms
  5662 | D:5      | Reached XP level 8. HP: 43/55 MP: 0/0
  5839 | D:5      | Found an iron altar of Okawaru.
  5841 | D:5      | Found a sparkling altar of Nemelex Xobeh.
  5852 | D:5      | Noticed Eustachio
  5871 | D:5      | Killed Eustachio
  6087 | D:5      | Found a broken altar of Ashenzari.
  6090 | D:5      | Fell from the grace of the Shining One
  6090 | D:5      | Became a worshipper of Ashenzari the Shackled
  6281 | D:5      | Noticed Dowan
  6282 | D:5      | Noticed Duvessa
  6289 | D:5      | Killed Dowan
  6293 | D:5      | Killed Duvessa
  6597 | D:6      | Reached skill level 5 in Polearms
  6717 | D:6      | Found Migun's Antique Weapon Shoppe.
  6947 | D:6      | Identified the +8 quarterstaff of the Thing {spect, rPois}
  6992 | D:6      | HP: 1/57 [killer bee (7)]
  6993 | D:6      | Gained mutation: Your spells are a little harder to cast,
                  | but a little more powerful. [potion of mutation]
  6993 | D:6      | Gained mutation: You occasionally shout uncontrollably at
                  | your foes. [potion of mutation]
  6993 | D:6      | Gained mutation: Your spells are harder to cast, but more
                  | powerful. [potion of mutation]
  6993 | D:6      | Slain by a killer bee

Illustrated notes

Levels and vault maps discovered:
D:1:      lemuel_arrival_hallway, layout_loops_corners, minmay_tromino_v4_a
D:2:      layout_loops_corners, minmay_misc_feat_enclosed
D:3:      cheibrodos_greedy_goblins, layout_loops_corners, marbit_many_paths,
          gammafunk_temple_overflow_pools, mainiacjoe_overflow_divided_tiny,
          amethyst_killhole, serial_bayou_crossing, uniq_crazy_yiuf_cottage,
          uniq_sigmund, uniq_natasha
D:4:      layout_loops_corners, reono_crystal_passage, uniq_ijyb
D:5:      layout_rooms, lemuel_doored_altar, dancing_weapons_uskayaw,
          mainiacjoe_overflow_catwalk_spiral, serial_co_window_serial,
          co_window_paths_a, co_window_paths_a, co_window_corner_a,
          co_window_corner_a, co_window_paths_b, co_window_broadway_a,
          co_window_2corner, co_window_corner_b, co_window_corner_cb,
          co_window_corner_cb, co_window_of_opportunity_b, glass_columns_a,
          glass_columns_b, glass_columns_a, glass_columns_a, glass_columns_a,
          uniq_eustachio, uniq_edmund, uniq_duvessa
D:6:      layout_gridville, mainiacjoe_overflow_surrounded_room, serial_shops,
          shop

Skill      XL: |  1  2  3  4  5  6  7  8 |
---------------+-------------------------+-----
Spellcasting   | 2 3 4 |  4.4
Polearms       | 1 2 4 5 |  5.3
Fighting       | 2 3 |  3.6
Dodging        | 3 4 |  4.2
Armour         | |  0.5
Unarmed Combat | |  3.3

Action                   |  1- 3 |  4- 6 |  7- 9 || total
-------------------------+-------+-------+-------++-------
Melee: Unarmed           |    41 |       |       ||    41
       Headbutt          |     5 |       |       ||     5
       Punch             |     1 |       |       ||     1
       Glaive            |    14 |    31 |    85 ||   130
Throw: Dart              |       |     1 |       ||     1
 Cast: Beastly Appendage |     8 |       |       ||     8
       Sandblast         |    10 |    27 |    30 ||    67
       Searing Ray       |       |     6 |     7 ||    13
Invok: Curse Item        |       |       |     1 ||     1
Evoke: Wand              |       |       |     1 ||     1
  Use: Potion            |       |       |     2 ||     2
 Stab: Sleeping          |     3 |       |       ||     3
Armor: Robe              |     5 |     4 |    12 ||    21
       Skin              |       |       |    13 ||    13
       Leather armour    |       |       |    12 ||    12
Dodge: Dodged            |    26 |    15 |    53 ||    94
